 Dungeon Crawl Stone Soup version 0.17-a0-1479-g4041c36 (console) character file.

3359 Fusha the Covert (level 9, -5/57 HPs)
             Began as a Vampire Air Elementalist on July 3, 2015.
             Was a Believer of Kikubaaqudgha.
             Slain by a wyvern (8 damage)
             ... on level 7 of the Dungeon.
             The game lasted 00:56:27 (9606 turns).

Fusha the Covert (Vampire Air Elementalist)         Turns: 9606, Time: 00:56:27

Health: -5/57      AC: 11    Str:  7    XL:     9   Next: 73%
Magic:  8/14       EV: 14    Int: 20    God:    Kikubaaqudgha [**....]
Gold:   264        SH:  5    Dex: 15    Spells: 5 memorised, 6 levels left

rFire  . . .     SeeInvis +     o - +2 dagger (flame)
rCold  + . .     Clarity  .     q - +2 leather armour {rN+}
rNeg   + + +     SustAt   .     w - +0 buckler
rPois  +         Gourm    .     i - +1 helmet
rElec  .         Spirit   .     j - +0 cloak
rCorr  .         Warding  .     (no gloves)
rMut   .         Stasis   .     z - +2 pair of boots {Fly}
MR     .....                    (no amulet)
Stlth  +++++.....               (no ring)
                                (no ring)

@: flying, regenerating slowly, repel missiles, not resistant to hostile
enchantments, quite stealthy
A: fangs 3, see invisible, unbreathing
a: Bat Form, Receive Corpses, Renounce Religion, Stop Flying


You were on level 7 of the Dungeon.
You worshipped Kikubaaqudgha.
Kikubaaqudgha was pleased with you.
You were very thirsty.

You visited 1 branch of the dungeon, and saw 8 of its levels.

You collected 522 gold pieces.
You spent 258 gold pieces at shops.

Inventory:

Hand weapons
 d - a +1 dagger of pain
 f - a +0 short sword
 o - a +2 dagger of flaming (weapon)
 v - a +2 quarterstaff of chaos
 G - a +0 blowgun
Missiles
 H - 35 poisoned needles
 I - a throwing net (quivered)
Armour
 a - a +0 robe
 e - a +1 robe
 g - a +0 robe
 i - a +1 helmet (worn)
 j - a +0 cloak (worn)
 q - a +2 leather armour of positive energy (worn)
 t - a +3 ring mail
 w - a +0 buckler (worn)
 z - a +2 pair of boots of flying (worn)
Magical devices
 k - a wand of teleportation (2)
 K - a wand of confusion (26)
Scrolls
 h - a scroll of fear {unknown}
 n - 3 scrolls of recharging
 p - 2 scrolls of teleportation
 r - a scroll of remove curse
 u - 2 scrolls of blinking
 x - a scroll of immolation
 E - 3 scrolls of magic mapping
 J - a scroll of vulnerability {unknown}
Potions
 c - 10 potions of blood
 l - a potion of flight
 m - 2 potions of brilliance
 s - a potion of curing
 A - a potion of berserk rage
 B - a potion of agility
 D - 2 potions of haste
Books
 b - a book of Air

   Spells                             Type                      Level
   a - Shock                          Conjuration/Air              1
   b - Swiftness                      Charms/Air                   2
   c - Repel Missiles                 Charms/Air                   2
   d - Static Discharge               Conjuration/Air              3
   e - Lightning Bolt                 Conjuration/Air              5
 y - a book of Envenomations

   Spells                             Type                      Level
   a - Spider Form                    Transmutation/Poison         3
   b - Alistair's Intoxication        Transmutation/Poison         4
   c - Olgreb's Toxic Radiance        Poison                       4
   d - Poisonous Cloud                Conjuration/Poison/Air       6
 C - a book of Alchemy

   Spells                             Type                      Level
   a - Sublimation of Blood           Necromancy                   2
   b - Ignite Poison                  Fire/Transmutation/Poison    3
   c - Alistair's Intoxication        Transmutation/Poison         4
   d - Condensation Shield            Ice                          4
   e - Petrify                        Transmutation/Earth          4
   f - Irradiate                      Conjuration/Transmutation    5
 F - Kikubaaqudgha's Handbook of Black Rituals {god gift}
   (Kikubaaqudgha gifted it to you on level 6 of the Dungeon)

   Spells                             Type                      Level
   a - Animate Skeleton               Necromancy                   1
   b - Corpse Rot                     Necromancy                   2
   c - Sublimation of Blood           Necromancy                   2
   d - Regeneration                   Charms/Necromancy            3
   e - Control Undead                 Necromancy                   4


   Skills:
 - Level 6.0 Short Blades
 + Level 6.1 Dodging
 - Level 9.0 Stealth
 - Level 4.6 Shields
 + Level 3.8 Spellcasting
 - Level 0.6 Conjurations
 - Level 3.1 Charms
 * Level 7.7 Necromancy
 - Level 3.0 Air Magic


You had 6 spell levels left.
You knew the following spells:

 Your Spells              Type           Power        Failure   Level  Hunger
a - Shock                 Conj/Air       ##..         12%         1    None
b - Repel Missiles        Chrm/Air       ###...       10%         2    ##.....
c - Animate Skeleton      Necr           N/A          1%          1    None
d - Corpse Rot            Necr           N/A          1%          2    ##.....
e - Regeneration          Chrm/Necr      ####......   10%         3    ###....


Dungeon Overview and Level Annotations

Branches:
Dungeon (8/15)             Temple (0/1) D:4
   Lair: D:8-11

Altars:
Dithmenos
Kikubaaqudgha
Nemelex Xobeh
Qazlal
Ru
Trog
Xom
Yredelemnul

Shops:
D:4 [%   D:5 [

Annotations:
D:3 Sigmund
D:4 Grinder


Innate Abilities, Weirdness & Mutations

You heal slowly.
You have razor-sharp teeth.
You have supernaturally acute eyesight.
You can survive without breathing.


Message History

It is a wand of flame.
The wyvern bites you. The jelly misses you. The wyvern bites you.
The phantom blinks!
The wyvern completely misses you.
There is a stone staircase leading up here.
The wyvern closely misses you. You block the jelly's attack.
The iguana bites you.
You fly upwards.
There is a stone staircase leading down here.
The wyvern bites you! The wyvern bites you. The wyvern closely misses you.
The wyvern barely misses you. The wyvern bites you!
* * * LOW HITPOINT WARNING * * *
The wyvern hisses menacingly.
The wyvern bites you.
* * * LOW HITPOINT WARNING * * *
The wyvern bites you!
You die...
Kikubaaqudgha rasps: "You have failed me!
Welcome... oblivion!"

#####'#####....#<.......#
...................####.#
.8...8..........##.# #.#
...............Jl..# #.#
...>..........####.# #.#
........#.####...J.# #.#
#..8....#.# #.##### #.#
#.....###.# #l########.#
#.......#.# #.l@.......#
##.....##.# ############
#........# #....#####
#....# #....# ######


You could see a wyvern and an iguana.

Vanquished Creatures
  Eustachio (D:5)
  A hippogriff (D:7)
  3 sky beasts
  A phantom (D:6)
  A black bear (D:6)
  8 ogres
  2 big kobolds
  3 giant frogs
  2 centaurs
  A scorpion (D:5)
  4 wights (D:7)
  4 hounds
  A centaur skeleton (D:5)
  A giant frog skeleton (D:7)
  4 crimson imps
  A gnoll shaman (D:7)
  Crazy Yiuf (D:3)
  A centaur zombie (D:5)
  2 orc priests (D:4)
  Ijyb (D:2)
  Jessica (D:2)
  An iguana (D:8)
  4 orc wizards
  9 worker ants
  A hound skeleton (D:7)
  A worker ant zombie (D:7)
  6 adders
  13 gnolls
  2 shadow imps
  An ooze (D:5)
  2 adder zombies
  A worm (D:3)
  5 giant geckos
  21 orcs
  10 bats
  3 bat skeletons (D:5)
  12 hobgoblins
  5 jackals
  28 kobolds
  6 quokkas
  13 giant cockroaches
  A giant gecko skeleton (D:7)
  4 giant newts
  13 goblins
  A quokka skeleton (D:4)
  11 rats
218 creatures vanquished.

Vanquished Creatures (collateral kills)
  A worker ant zombie (D:7)
  A jackal (D:7)
2 creatures vanquished.

Grand Total: 220 creatures vanquished

Notes
Turn   | Place    | Note
--------------------------------------------------------------
     0 | D:1      | Fusha the Vampire Air Elementalist began the quest for the Orb.
     0 | D:1      | Reached XP level 1. HP: 13/13 MP: 3/3
   636 | D:1      | Reached XP level 2. HP: 17/19 MP: 5/5
   972 | D:1      | Reached skill level 4 in Stealth
  1094 | D:1      | Reached XP level 3. HP: 22/24 MP: 6/6
  1098 | D:1      | Learned a level 2 spell: Repel Missiles
  1554 | D:2      | Noticed Ijyb
  1583 | D:2      | Killed Ijyb
  1583 | D:2      | Reached skill level 5 in Stealth
  1583 | D:2      | Reached XP level 4. HP: 26/30 MP: 7/7
  1592 | D:2      | Noticed Jessica
  1599 | D:2      | Killed Jessica
  1693 | D:2      | Reached skill level 6 in Stealth
  1958 | D:3      | Noticed Sigmund
  2456 | D:3      | Reached XP level 5. HP: 24/35 MP: 0/8
  2828 | D:3      | Noticed Crazy Yiuf
  2832 | D:3      | Killed Crazy Yiuf
  2921 | D:4      | Reached skill level 7 in Stealth
  2962 | D:4      | Noticed Grinder
  3270 | D:3      | Reached skill level 1 in Short Blades
  3383 | D:4      | Found a staircase to the Ecumenical Temple.
  3482 | D:4      | Reached XP level 6. HP: 38/41 MP: 6/9
  3745 | D:4      | Reached skill level 8 in Stealth
  3798 | D:4      | Reached skill level 1 in Shields
  3874 | D:4      | Found Zydo's Food Shoppe.
  4147 | D:4      | Found an ancient bone altar of Kikubaaqudgha.
  4157 | D:4      | Became a worshipper of Kikubaaqudgha
  4411 | D:4      | Noticed an ogre
  4429 | D:4      | Killed an ogre
  4429 | D:4      | Reached skill level 9 in Stealth
  4429 | D:4      | Reached XP level 7. HP: 19/46 MP: 3/10
  5032 | D:4      | Reached skill level 1 in Necromancy
  5057 | D:4      | Found a stormy altar of Qazlal.
  5059 | D:4      | Found a sparkling altar of Nemelex Xobeh.
  5059 | D:4      | Found a bloodstained altar of Trog.
  5059 | D:4      | Found a shimmering altar of Xom.
  5082 | D:4      | Found Adelekia's Armour Boutique.
  5087 | D:4      | Bought a +2 pair of boots of flying for 258 gold pieces
  5311 | D:5      | Entered Level 5 of the Dungeon
  6081 | D:5      | Found Ofuxt's Armour Shop.
  6196 | D:5      | Noticed Eustachio
  6277 | D:5      | Killed Eustachio
  6277 | D:5      | Reached skill level 5 in Short Blades
  6277 | D:5      | Reached XP level 8. HP: 22/52 MP: 0/11
  6816 | D:6      | Found a sacrificial altar of Ru.
  6843 | D:6      | Got a brightly glowing robe
  6854 | D:6      | Identified the cursed -5 robe of Misfortune {-Cast *Contam *Tele EV-4 Str-2 Int-2 Dex-2 Stlth-- *Curse} (You found it on level 6 of the Dungeon)
  7165 | D:6      | Acquired Kikubaaqudgha's first power
  7165 | D:6      | Received a gift from Kikubaaqudgha
  7170 | D:6      | Identified Kikubaaqudgha's Handbook of Black Rituals {god gift} (Kikubaaqudgha gifted it to you on level 6 of the Dungeon)
  7178 | D:6      | Learned a level 1 spell: Animate Skeleton
  7181 | D:6      | Learned a level 2 spell: Corpse Rot
  7185 | D:6      | Learned a level 3 spell: Regeneration
  7250 | D:6      | Reached skill level 1 in Charms
  8053 | D:7      | Reached skill level 5 in Necromancy
  8092 | D:7      | Reached XP level 9. HP: 38/57 MP: 6/12
  8430 | D:7      | Reached skill level 5 in Dodging
  8506 | D:7      | Acquired Kikubaaqudgha's second power
  9084 | D:8      | Found a basalt altar of Yredelemnul.
  9378 | D:8      | Found a shadowy altar of Dithmenos.
  9606 | D:7      | Slain by a wyvern

Vault maps used:
D:1:      dpeg_arrival_solitude, minmay_unequal
D:2:      first_bread, uniq_jessica, uniq_iyjb
D:3:      uniq_crazy_yiuf_cottage, uniq_sigmund
D:4:      minitemple, kennysheep_little_box, serial_shops, shop,
          nicolae_shop_waterfront, kennysheep_generic_room_5, uniq_grinder
D:5:      serial_shops, shop, uniq_eustachio
D:6:      lemuel_crystal_altar
D:7:      grunt_ogre_cave, grunt_ministairs_1
D:8:      grunt_temple_overflow_lords_of_destruction,
          nicolae_overflow_hidden_temple, lair_0_dummy,
          nicolae_dithmenos_through_a_glass_darkly

Action                   |  1- 3 |  4- 6 |  7- 9 || total
-------------------------+-------+-------+-------++-------
Melee: Unarmed           |    10 |       |       ||    10
       Short sword       |   106 |     2 |       ||   108
       Dagger            |       |   245 |   441 ||   686
 Cast: Shock             |    13 |    66 |   187 ||   266
       Repel Missiles    |     1 |       |     1 ||     2
       Regeneration      |       |       |     4 ||     4
       Animate Skeleton  |       |       |     4 ||     4
 Abil: End Transformatio |       |     1 |       ||     1
       Bat Form          |       |     1 |       ||     1
  Use: Potion            |    10 |    15 |    18 ||    43
       Scroll            |     2 |     3 |     7 ||    12
 Stab: Sleeping          |     6 |    13 |    27 ||    46
       Distracted        |     1 |       |     1 ||     2
